 Dungeon Crawl Stone Soup version 0.26.1-2-gb8aa6d0cf2 (webtiles) character file.

Game seed: 4985256293687514818

60137 Ladykiller69 the Covert (level 14, 0/113 HPs)
             Began as a Gnoll Delver on Mar 26, 2021.
             Was the Champion of Ru.
             Slain by a spriggan
             ... wielding a +1 dagger of holy wrath
              (12 damage)
             ... on level 6 of the Lair of Beasts.
             The game lasted 01:44:31 (33686 turns).

Ladykiller69 the Covert (Gnoll Delver)             Turns: 33686, Time: 01:44:32

Health: 0/113      AC:  0    Str: 15    XL:     14   Next: 98%
Magic:  27/27      EV: 18    Int: 17    God:    Ru [******]
Gold:   2055       SH:  0    Dex: 17    Spells: 23/32 levels left

rFire    . . .     SeeInvis .     - Unarmed
rCold    . . .     Faith    .   (shield currently unavailable)
rNeg     . . .     Spirit   .   (armour currently unavailable)
rPois    .         Reflect  .   (helmet currently unavailable)
rElec    .         Harm     .   (cloak currently unavailable)
rCorr    .         Rampage  .   (gloves currently unavailable)
Will     +....                  (boots currently unavailable)
Stlth    ++........             (no amulet)
HPRegen  0.28/turn              (ring currently unavailable)
MPRegen  0.20/turn              (ring currently unavailable)

@: confused, pig-form, very quick
A: small, distributed training, inability to use devices, inability to train
armour, no conjurations magic, no poison magic, no transmutations magic, reduced
EV 1, missing an eye, strong nose
a: Renounce Religion, Draw Out Power, Power Leap, Apocalypse


You were on level 6 of the Lair of Beasts.
You worshipped Ru.
Ru was exalted by your worship.
You were a filthy swine.
You visited 4 branches of the dungeon, and saw 22 of its levels.
You also visited: Ossuary and Bailey.

You collected 2207 gold pieces.
You spent 152 gold pieces at shops.

Inventory:

Hand Weapons
 a - a +0 short sword
 h - a +2 whip of electrocution (melded)
 n - a +0 dagger of venom
 L - a +1 whip of venom
 P - the +6 falchion of the Muttering Pariah {drain, Dex+4}
   (You bought it in a shop on level 7 of the Dungeon)

   A truly terrible weapon, it drains the life of those it strikes.
   It affects your dexterity (+4).
 Z - a +1 antimagic flail
Missiles
 m - 73 poisoned darts
 o - 3 curare-tipped darts
 B - 7 javelins
 R - 3 throwing nets (quivered)
Armour
 b - a +0 leather armour
 p - a +3 buckler of positive energy (melded)
 v - a +0 pair of gloves (melded)
 E - a scarf of repulsion (melded)
 G - a +2 pair of boots (melded)
 M - a +1 hat (melded)
 Y - a +2 robe of positive energy (melded)
Jewellery
 q - a +6 ring of intelligence (melded)
 A - an uncursed ring of ice
 I - a +4 ring of evasion (melded)
 J - a +6 ring of dexterity
 O - an uncursed ring of ice
 Q - an uncursed ring of protection from cold {unknown}
 S - an uncursed ring of protection from cold {unknown}
 T - an uncursed ring of poison resistance {unknown}
 U - an uncursed amulet of faith {unknown}
Scrolls
 c - 4 scrolls of fog
 d - 7 scrolls of magic mapping
 e - 8 scrolls of fear
 i - 2 scrolls of torment
 r - a scroll of remove curse
 t - 2 scrolls of amnesia
 w - 9 scrolls of identify
 y - 4 scrolls of teleportation
 F - 4 scrolls of enchant armour
 K - 3 scrolls of enchant weapon
 N - 4 scrolls of silence {unknown}
 W - a scroll of blinking
 X - 3 scrolls of immolation {unknown}
Potions
 f - 7 potions of haste
 g - a potion of resistance
 j - 15 potions of curing
 k - 4 potions of invisibility
 l - 7 potions of might
 s - 5 potions of brilliance
 u - 3 potions of magic {unknown}
 x - 2 potions of heal wounds
 z - a potion of lignification
 C - 2 potions of ambrosia
 D - 4 potions of attraction
 H - a potion of mutation {unknown}
 V - a potion of cancellation {unknown}


   Skills:
 + Level 11.5 Fighting
 + Level 10.6 Short Blades
 + Level 9.6 Long Blades
 + Level 9.6 Axes
 + Level 9.6 Maces & Flails
 + Level 9.6 Polearms
 + Level 9.6 Staves
 + Level 9.6 Slings
 + Level 9.6 Bows
 + Level 9.6 Crossbows
 + Level 9.6 Throwing
   Level 0.0 Armour
 + Level 10.6 Dodging
 + Level 13.1 Stealth
 + Level 9.6 Shields
 + Level 9.6 Unarmed Combat
 + Level 9.6 Spellcasting
   Level 0.0 Conjurations
 + Level 8.1 Hexes
 + Level 8.1 Summonings
 + Level 8.1 Necromancy
 + Level 8.1 Translocations
   Level 0.0 Transmutations
 + Level 8.1 Fire Magic
 + Level 8.1 Ice Magic
 + Level 8.1 Air Magic
 + Level 8.1 Earth Magic
   Level 0.0 Poison Magic
 + Level 10.4 Invocations
   Level 0.0 Evocations


You had 23 spell levels left.
You knew the following spells:

 Your Spells              Type           Power        Failure   Level
a - Corona                Hex            38%          1%          1
b - Ensorcelled Hibernat  Hex/Ice        70%          1%          2
c - Confusing Touch       Hex            35%          1%          3
d - Tukima's Dance        Hex            35%          1%          3

Your spell library contained the following spells:

 Spells                   Type           Power        Failure   Level
 Dazzling Flash           Conj/Hex       Unusable     N/A         3

Dungeon Overview and Level Annotations

Branches:
Dungeon (13/15)            Temple (1/1) D:4            Lair (6/6) D:8
 Shoals (0/4) Lair:4        Slime (0/5) Lair:5          Orc (2/2) D:11
    Elf (0/3) Orc:2        Vaults (0/5) D:13        Ossuary (visited)
 Bailey (visited)
  Snake: Lair:2-4    Spider: Lair:2-4

Altars:
Ashenzari
Cheibriados
Dithmenos
Elyvilon
Fedhas
Gozag
Hepliaklqana
Kikubaaqudgha
Makhleb
Nemelex Xobeh
Okawaru
Qazlal
Ru
Sif Muna
Trog
Uskayaw
Vehumet
Wu Jian
Xom
Yredelemnul
Zin
The Shining One
Jiyva
Lugonu

Shops:
D:7 (   D:10 !   Orc:2 *[!(

Portals:
Abyss: Lair:4

Annotations:
D:4 pikel, exclusion: 2 lemures, Pikel
D:12 2 runed translucent doors, exclusion: 2 downstairs, Josephine
D:13 Rupert, Urug
Lair:2 exclusion: 4 nagas
Lair:4 exclusion: oklob plant
Lair:5 1 runed translucent door
Lair:6 Kirke
Orc:1 3 runed translucent doors, Ladykiller69's ghost, journeyman OgHu


Innate Abilities, Weirdness & Mutations

Your experience applies equally to all skills.
((You have very sharp teeth.))
You cannot study or use magical devices.
You cannot train Armour skill.
You cannot study or cast Conjurations magic.
You cannot study or cast Poison magic.
You cannot study or cast Transmutations magic.
You have somewhat slow reflexes. (EV -5)
You are missing an eye, making it more difficult to aim.
Your uncanny sense of smell can sniff out nearby items.


Message History

Your surroundings suddenly seem different.
A spriggan comes into view. It is wielding a +0 dagger.
The spriggan shouts!
The spriggan hits you with a +0 dagger!
* * * LOW HITPOINT WARNING * * *
The spriggan shouts!
You hear a shout!
The spriggan hits you with a +0 dagger!
* * * LOW HITPOINT WARNING * * *
You focus your inner power and illuminate the spriggan in retribution!
A spriggan comes into view.
It is wielding a +1 dagger of holy wrath.
The spriggan closely misses you.
You are confused.
You feel invigorated. The spriggan closely misses you.
The spriggan hits you with a +0 rapier.
* * * LOW HITPOINT WARNING * * *
You focus your inner power and illuminate the spriggan in retribution!
You're too confused to move!
The spriggan barely misses you. x2
The spriggan hits you with a +1 dagger of holy wrath!
You die...

# #.P...#.)########
#..#.P.....#.##.#.P#
......P.............#
.....P..............#
....................#
...................#
...................#
.###....ii..≈.##..##
##...ih..≈≈####.#
###...≈≈...## ###
#.#..≈≈≈≈≈≈≈#
#....##≈≈≈#≈# #
##.h..#.#.#### ##
#........## P##
##.h......# ..##
###.........# .#.#
#..#......#.#


You could see a hog, a black bear and 3 spriggans.

Vanquished Creatures
  Gastronok (Lair:2)
  A stone giant (Orc:1)
  The ghost of Domino the Cleaver, a journeyman MiBe of Trog (D:11)
  Fannar (D:10)
  3 boulder beetles
  10 hydras
  Harold (D:10)
  A centaur warrior (D:9)
  2 two-headed ogres
  4 orc high priests
  Sonja (Orc:1)
  Nergalle (Lair:1)
  A deep elf mage (D:9)
  4 orc knights (Orc:2)
  7 orc sorcerers
  2 cyclopes
  A centaur zombie (D:12)
  10 elephants
  A spectral centaur (D:11)
  Joseph (D:8)
  Maurice (D:11)
  Psyche (D:10)
  2 black mambas
  2 torpor snails
  8 cane toads
  2 rime drakes
  8 komodo dragons
  A troll (Orc:2)
  A polar bear (Lair:5)
  2 hornets
  4 dream sheep (Lair:6)
  Grinder (D:4)
  4 slime creatures (D:12)
  4 blink frogs
  3 wraiths
  3 wyverns
  4 spriggans (Lair:6)
  4 hogs (Lair:6)
  A human (D:12)
  48 yaks
  2 basilisks
  2 soldier ants (D:11)
  10 water moccasins
  19 orc warriors
  A sky beast (D:12)
  3 ice beasts
  2 black bears
  2 phantoms
  2 boggarts (Lair:6)
  13 ogres
  12 wolves
  5 centaurs
  2 lemures (D:4)
  3 big kobolds
  16 bullfrogs
  A water moccasin zombie (D:10)
  2 wyvern zombies
  10 scorpions
  2 water moccasin skeletons (D:9)
  48 killer bees
  5 wights (D:9)
  4 howler monkeys
  A bullfrog zombie (D:11)
  2 quasits
  A bullfrog skeleton (D:12)
  4 jellies
  A wyvern simulacrum (D:11)
  3 hounds
  11 orc priests
  17 orc wizards
  3 iguanas
  Jessica (D:2)
  8 worker ants
  3 big kobold zombies (Ossuary)
  3 mummies (Ossuary)
  A worker ant zombie (D:11)
  8 gnolls
  3 scorpion zombies (Ossuary)
  13 adders
  3 ufetubi
  An ooze (D:5)
  An adder skeleton (D:8)
  3 worms
  2 dart slugs
  7 leopard geckos
  51 orcs
  4 ball pythons
  5 giant cockroaches
  10 goblins
  9 hobgoblins
  10 jackals
  22 kobolds
  2 quokkas
  15 bats
  4 frilled lizards
  A giant cockroach zombie (D:6)
  4 goblin zombies (Ossuary)
  A kobold zombie (Ossuary)
  A leopard gecko zombie (D:5)
  4 orc zombies (Ossuary)
  7 rats
574 creatures vanquished.

Vanquished Creatures (others)
  An elephant (Lair:6)
  A komodo dragon (Lair:3)
  A slime creature (D:12)
  An orc warrior (Orc:1)
  A centaur zombie (D:11)
  An orc wizard (Orc:2)
  A worker ant (D:11)
  An orc (Orc:1)
  A kobold zombie (Ossuary)
  2 orc zombies (Ossuary)
  18 bushes (Lair:6)
  43 fungi
  A lurking horror (Lair:4)
  87 plants
160 creatures vanquished.

Grand Total: 734 creatures vanquished

Notes
Turn   | Place    | Note
-------+----------+-------------------------------------------
     0 | D:5      | Reached skill level 9 in Stealth
     0 | D:5      | Ladykiller69 the Gnoll Delver began the quest for the Orb.
     0 | D:5      | Reached XP level 1. HP: 23/23 MP: 1/1
    59 | D:4      | Noticed a scorpion
   147 | D:5      | Noticed a worker ant
   154 | D:5      | Killed a worker ant
   155 | D:5      | Reached XP level 2. HP: 29/29 MP: 2/2
   155 | D:5      | Reached XP level 3. HP: 35/35 MP: 3/3
   289 | D:4      | Noticed Grinder
   306 | D:4      | Killed Grinder
   307 | D:4      | Reached skill level 1 in Long Blades
   307 | D:4      | Reached skill level 1 in Axes
   307 | D:4      | Reached skill level 1 in Maces & Flails
   307 | D:4      | Reached skill level 1 in Polearms
   307 | D:4      | Reached skill level 1 in Staves
   307 | D:4      | Reached skill level 1 in Slings
   307 | D:4      | Reached skill level 1 in Bows
   307 | D:4      | Reached skill level 1 in Crossbows
   307 | D:4      | Reached skill level 1 in Throwing
   307 | D:4      | Reached skill level 1 in Armour
   307 | D:4      | Reached skill level 1 in Shields
   307 | D:4      | Reached skill level 1 in Unarmed Combat
   307 | D:4      | Reached skill level 1 in Spellcasting
   307 | D:4      | Reached skill level 1 in Conjurations
   307 | D:4      | Reached skill level 1 in Hexes
   307 | D:4      | Reached skill level 1 in Summonings
   307 | D:4      | Reached skill level 1 in Necromancy
   307 | D:4      | Reached skill level 1 in Translocations
   307 | D:4      | Reached skill level 1 in Transmutations
   307 | D:4      | Reached skill level 1 in Fire Magic
   307 | D:4      | Reached skill level 1 in Ice Magic
   307 | D:4      | Reached skill level 1 in Air Magic
   307 | D:4      | Reached skill level 1 in Earth Magic
   307 | D:4      | Reached skill level 1 in Poison Magic
   307 | D:4      | Reached skill level 1 in Invocations
   307 | D:4      | Reached skill level 1 in Evocations
   307 | D:4      | Reached XP level 4. HP: 41/41 MP: 3/6
   307 | D:4      | Reached XP level 5. HP: 47/47 MP: 3/7
   335 | D:4      | Reached XP level 6. HP: 53/53 MP: 5/8
   388 | D:4      | Reached skill level 5 in Short Blades
   388 | D:4      | Reached skill level 5 in Dodging
   993 | D:3      | Noticed an ice beast
  1015 | D:3      | Killed an ice beast
  1016 | D:3      | Reached XP level 7. HP: 46/59 MP: 10/10
  1195 | D:2      | Noticed Jessica
  1203 | D:2      | Killed Jessica
  2721 | D:4      | Found a staircase to the Ecumenical Temple.
  2733 | Temple   | Entered the Ecumenical Temple
  2874 | Temple   | Became a worshipper of Ru the Awakened
  3141 | D:4      | Got a smelly chain mail
  3152 | D:4      | Identified the cursed +1 chain mail "Plog" {+Inv Stlth+}
                  | (You found it on level 4 of the Dungeon)
  3267 | D:4      | Reached skill level 10 in Stealth
  3308 | D:4      | Reached XP level 8. HP: 52/67 MP: 12/12
  4608 | D:4      | Noticed Pikel
  4882 | D:5      | Found a radiant altar of Vehumet.
  4882 | D:5      | Found an ancient bone altar of Kikubaaqudgha.
  4992 | D:5      | Found an opulent altar of Gozag.
  5212 | D:6      | Found a burning altar of Makhleb.
  5452 | D:6      | Found a sand-covered staircase.
  5460 | Ossuary  | Entered an ossuary
  6598 | D:7      | Reached XP level 9. HP: 68/72 MP: 14/14
  6902 | D:7      | Found Tolelueb's Antique Weapon Shoppe.
  6909 | D:7      | Bought an ichor-stained falchion for 152 gold pieces
  6909 | D:7      | Identified the +6 falchion of the Muttering Pariah {drain,
                  | Dex+4} (You bought it in a shop on level 7 of the Dungeon)
  7072 | D:7      | Found a flagged portal.
  7084 | Bailey   | Entered a bailey
  7278 | Bailey   | Noticed an orc knight
  7279 | Bailey   | Found a burning altar of Makhleb.
  7288 | Bailey   | Gained mutation: You cannot train Armour skill. [Ru
                  | sacrifice]
  7288 | Bailey   | Reached * piety under Ru
  7306 | D:7      | HP: 1/68 [orc knight/+0 war axe (19)]
  7882 | D:8      | Found a snail-covered altar of Cheibriados.
  7883 | D:8      | Found an ornate altar of the Wu Jian Council.
  7885 | D:8      | Found a hide-covered altar of Uskayaw.
  7962 | D:8      | Found a burning altar of Makhleb.
  7966 | D:8      | Found a broken altar of Ashenzari.
  8026 | D:8      | Found a shadowy altar of Dithmenos.
  8173 | D:8      | Noticed Joseph
  8196 | D:8      | Found a staircase to the Lair.
  8746 | D:9      | Noticed a hornet
  8830 | D:9      | Reached skill level 5 in Invocations
  8877 | D:9      | Killed a hornet
  8899 | D:9      | Reached XP level 10. HP: 69/80 MP: 17/17
  9071 | D:9      | Noticed a centaur warrior
  9132 | D:8      | Got a warped scale mail
  9143 | D:8      | Identified the +1 scale mail of Twilight {rPois} (You found
                  | it on level 8 of the Dungeon)
  9201 | D:9      | Killed a centaur warrior
  9202 | D:9      | Reached skill level 5 in Long Blades
  9202 | D:9      | Reached skill level 5 in Axes
  9202 | D:9      | Reached skill level 5 in Maces & Flails
  9202 | D:9      | Reached skill level 5 in Polearms
  9202 | D:9      | Reached skill level 5 in Staves
  9202 | D:9      | Reached skill level 5 in Slings
  9202 | D:9      | Reached skill level 5 in Bows
  9202 | D:9      | Reached skill level 5 in Crossbows
  9202 | D:9      | Reached skill level 5 in Throwing
  9202 | D:9      | Reached skill level 5 in Shields
  9202 | D:9      | Reached skill level 5 in Unarmed Combat
  9202 | D:9      | Reached skill level 5 in Spellcasting
  9202 | D:9      | Reached skill level 5 in Evocations
  9770 | D:9      | Found a snail-covered altar of Cheibriados.
  9770 | D:9      | Noticed a deep elf mage
  9779 | D:9      | Killed a deep elf mage
  9992 | D:10     | Entered Level 10 of the Dungeon
  9999 | D:10     | Noticed a manticore
 10157 | D:10     | Noticed a cyclops
 10181 | D:10     | Killed a cyclops
 10184 | D:10     | Learned a level 1 spell: Corona
 10187 | D:10     | Learned a level 2 spell: Ensorcelled Hibernation
 10195 | D:10     | Found Titenej's Distillery.
 10269 | D:10     | Noticed Fannar
 10303 | D:10     | Killed Fannar
 10304 | D:10     | Reached skill level 11 in Stealth
 10382 | D:10     | Gained mutation: You cannot study or use magical devices.
                  | [Ru sacrifice]
 10382 | D:10     | Reached ** piety under Ru
 10382 | D:10     | Reached *** piety under Ru
 10607 | D:10     | Noticed Psyche
 10614 | D:10     | Killed Psyche
 10615 | D:10     | Reached XP level 11. HP: 82/87 MP: 19/19
 11245 | D:10     | Noticed Harold
 11379 | D:10     | Killed Harold
 11380 | D:10     | Reached skill level 5 in Conjurations
 11380 | D:10     | Reached skill level 5 in Hexes
 11380 | D:10     | Reached skill level 5 in Summonings
 11380 | D:10     | Reached skill level 5 in Necromancy
 11380 | D:10     | Reached skill level 5 in Translocations
 11380 | D:10     | Reached skill level 5 in Transmutations
 11380 | D:10     | Reached skill level 5 in Fire Magic
 11380 | D:10     | Reached skill level 5 in Ice Magic
 11380 | D:10     | Reached skill level 5 in Air Magic
 11380 | D:10     | Reached skill level 5 in Earth Magic
 11380 | D:10     | Reached skill level 5 in Poison Magic
 12403 | D:11     | Noticed a two-headed ogre
 12437 | D:11     | Killed a two-headed ogre
 12863 | D:11     | Found a runed translucent gate.
 12863 | D:11     | Found a runed translucent gate.
 12863 | D:11     | Found a runed translucent gate.
 12863 | D:11     | Noticed Domino's ghost (journeyman MiBe)
 12888 | D:11     | Noticed Maurice
 12892 | D:11     | Killed Maurice
 13184 | D:11     | Found a staircase to the Orcish Mines.
 13351 | D:11     | Noticed an eight-headed hydra
 13466 | D:11     | Killed an eight-headed hydra
 13532 | D:12     | Noticed a boulder beetle
 13554 | D:12     | Killed a boulder beetle
 13890 | D:12     | Noticed Josephine
 14101 | D:12     | Noticed a death knight
 14106 | D:12     | Noticed a four-headed hydra
 14204 | D:12     | Gained mutation: You are missing an eye, making it more
                  | difficult to aim. [Ru sacrifice]
 14204 | D:12     | Reached **** piety under Ru
 14484 | Orc:1    | Entered Level 1 of the Orcish Mines
 14484 | Orc:1    | Noticed Sonja
 15113 | Orc:1    | Killed Sonja
 15455 | Orc:2    | Entered Level 2 of the Orcish Mines
 15524 | Orc:2    | Noticed an orc high priest
 15699 | D:12     | Reached XP level 12. HP: 64/96 MP: 22/22
 16237 | Orc:1    | Killed an orc high priest
 16683 | Orc:2    | Paralysed by an orc sorcerer for 6 turns
 16687 | Orc:2    | Noticed a sun demon
 17108 | D:11     | Killed Domino's ghost
 17432 | D:12     | Noticed a six-headed hydra
 17444 | D:12     | Killed a six-headed hydra
 17451 | D:12     | Noticed a boulder beetle
 17458 | D:12     | Killed a boulder beetle
 17694 | Lair:1   | Entered Level 1 of the Lair of Beasts
 17850 | Lair:1   | Noticed Nergalle
 17943 | Lair:1   | Killed Nergalle
 17986 | Lair:1   | Reached skill level 10 in Fighting
 18913 | Lair:2   | Gained mutation: You cannot study or cast Poison magic. [Ru
                  | sacrifice]
 18913 | Lair:2   | Gained mutation: You cannot study or cast Transmutations
                  | magic. [Ru sacrifice]
 18913 | Lair:2   | Gained mutation: You cannot study or cast Conjurations
                  | magic. [Ru sacrifice]
 18913 | Lair:2   | Reached ***** piety under Ru
 19128 | Lair:2   | Reached skill level 12 in Stealth
 19429 | Lair:2   | Noticed Gastronok
 20298 | Lair:2   | Reached XP level 13. HP: 35/103 MP: 24/24
 20723 | Lair:2   | Killed Gastronok
 22141 | Lair:3   | Learned a level 3 spell: Confusing Touch
 22145 | Lair:3   | Learned a level 3 spell: Tukima's Dance
 22665 | Lair:4   | Gained mutation: You have somewhat slow reflexes. (EV -5)
                  | [Ru sacrifice]
 22665 | Lair:4   | Reached ****** piety under Ru
 22728 | Lair:4   | Found a corrupted altar of Lugonu.
 22730 | Lair:4   | Found a one-way gate to the infinite horrors of the Abyss.
 22999 | Lair:4   | Found a staircase to the Shoals.
 24939 | Lair:5   | Found a runed translucent door.
 24940 | Lair:5   | Found a viscous altar of Jiyva.
 24940 | Lair:5   | Found a staircase to the Slime Pits.
 25065 | Lair:5   | Reached XP level 14. HP: 85/111 MP: 26/26
 25337 | Lair:5   | Reached skill level 10 in Short Blades
 25337 | Lair:5   | Reached skill level 10 in Dodging
 26105 | Lair:6   | Entered Level 6 of the Lair of Beasts
 26794 | Lair:6   | Noticed Kirke
 28216 | Lair:6   | Reached skill level 10 in Invocations
 29069 | D:8      | Killed Joseph
 29471 | D:12     | Found a runed translucent door.
 29472 | D:12     | Found a runed translucent door.
 29797 | D:13     | Found a gate to the Vaults.
 29797 | D:13     | Noticed Rupert
 29797 | D:13     | Noticed Urug
 30612 | Orc:2    | Found a staircase to the Elven Halls.
 31781 | Orc:1    | Found a runed translucent gate.
 31849 | Orc:1    | Noticed a stone giant
 31880 | Orc:1    | Killed a stone giant
 31881 | Orc:1    | Reached skill level 13 in Stealth
 32167 | Orc:1    | Found a runed translucent gate.
 32168 | Orc:1    | Found a runed translucent gate.
 32168 | Orc:1    | Noticed an orc warlord
 32171 | Orc:1    | Noticed Ladykiller69's ghost (journeyman OgHu)
 32268 | Orc:1    | Found an iron altar of Okawaru.
 32683 | Orc:2    | Found Qaesmaz's Weapon Emporium.
 32754 | Orc:2    | Found Nenetz's Distillery.
 32984 | Orc:2    | Found Sewink's Assorted Antiques.
 32985 | Orc:2    | Found Emmiaq's Armour Shop.
 33686 | Lair:6   | Slain by a spriggan

Illustrated notes

Levels and vault maps discovered:
D:1:      wander_arrival_abandoned_jail, layout_rooms, corexii_leaking_fountain
D:2:      layout_basic, uniq_jessica
D:3:      layout_loops_ring
D:4:      layout_loops_ring, temple_green, patterned_corridor, uniq_grinder,
          uniq_pikel
D:5:      layout_rooms, gammafunk_temple_overflow_statue, kennysheep_little_box,
          saegor_snake_ambush
D:6:      layout_cave_pools, chequers_ossuary_entry_cave, bloody_makhleb
D:7:      layout_loops_ring, enter_bailey_4, serial_shops, shop
D:8:      layout_rooms, gammafunk_temple_overflow_forgotten,
          minmay_overflow_temple_star_quad, lair_entry_dummy, uniq_joseph
D:9:      layout_irregular_city, david_defended_altar_elf
D:10:     layout_basic, serial_co_window_serial, co_window_corner_a,
          co_window_paths_a, co_window_corner_a, co_window_of_opportunity_a,
          co_window_paths_a, co_window_cross_1, co_window_paths_c,
          co_window_unsneaky_path_a, co_window_cross_3, co_window_corner_ca,
          co_window_2corner, co_window_corner_cb, co_window_broadway_a,
          glass_columns_a, glass_columns_a, glass_columns_a, glass_columns_b,
          glass_columns_c, serial_shops, shop, kennysheep_another_room,
          uniq_harold, uniq_psyche, uniq_fannar
D:11:     layout_loops_ring, hiddenorc1_lemuel, gammafunk_ghost_necromancy,
          uniq_maurice
D:12:     minmay_the_grid_triangle_9x9_rhombus_full
          [minmay_the_grid_triangle_9x9_sprig,
          minmay_the_grid_triangle_9x9_intruding_spiral,
          minmay_the_grid_triangle_9x9_swiss_cheese,
          minmay_the_grid_triangle_9x9_tough_junction,
          minmay_the_grid_triangle_9x9_limited_checkers,
          minmay_the_grid_triangle_9x9_steps,
          minmay_the_grid_triangle_9x9_from_above,
          minmay_the_grid_triangle_9x9_prize_top_heavy], layout_irregular_city,
          uniq_josephine
D:13:     layout_irregular_city, david_vaults_3
Temple:   nicolae_temple_figure_eight
Lair:1:   layout_chaotic_city, chequers_serial_rivers_micro_a,
          guppyfry_lair_drakes, uniq_nergalle
Lair:2:   layout_hall_layers, guppyfry_snake_entry_island, uniq_gastronok
Lair:3:   layout_loops_ring, nzn_sisyphean_effort, grunt_megastairs_5, uniq_urug
Lair:4:   wad_woods_minihive, layout_regular_city, elwin_shoals_entry_rocks,
          hangedman_lair_unloving_vines, amcnicky_altar_lugonu_corruption,
          minmay_lair_oklob_chamber, grunt_megastairs_4
Lair:5:   layout_regular_city, slime_altar_2
Lair:6:   minmay_lair_end_enchanted_forest, layout_hall_layers, minivault_26,
          minmay_hedge_maze, nicolae_lair_grove_arrangements,
          chequers_serial_rivers_micro_e, serial_bayou_ford_a,
          chequers_serial_rivers_micro_d, uniq_kirke
Orc:1:    layout_caves, gammafunk_ghost_fury_of_okawaru, uniq_sonja
Orc:2:    st_orc_elflike, layout_caves

Skill      XL: |  1  2  3  4  5  6  7  8  9 10 11 12 13 14 |
---------------+-------------------------------------------+-----
Stealth        | 10 11 12 13 | 13.1
Long Blades    | 1 2 3 4 5 6 7 8 9 |  9.6
Axes           | 1 2 3 4 5 6 7 8 9 |  9.6
Maces & Flails | 1 2 3 4 5 6 7 8 9 |  9.6
Polearms       | 1 2 3 4 5 6 7 8 9 |  9.6
Staves         | 1 2 3 4 5 6 7 8 9 |  9.6
Slings         | 1 2 3 4 5 6 7 8 9 |  9.6
Bows           | 1 2 3 4 5 6 7 8 9 |  9.6
Crossbows      | 1 2 3 4 5 6 7 8 9 |  9.6
Throwing       | 1 2 3 4 5 6 7 8 9 |  9.6
Armour         | 1 2 3 0 |  0.0
Shields        | 1 2 3 4 5 6 7 8 9 |  9.6
Unarmed Combat | 1 2 3 4 5 6 7 8 9 |  9.6
Spellcasting   | 1 2 3 4 5 6 7 8 9 |  9.6
Conjurations   | 1 2 3 4 5 0 |  0.0
Hexes          | 1 2 3 4 5 6 7 8 |  8.1
Summonings     | 1 2 3 4 5 6 7 8 |  8.1
Necromancy     | 1 2 3 4 5 6 7 8 |  8.1
Translocations | 1 2 3 4 5 6 7 8 |  8.1
Transmutations | 1 2 3 4 5 0 |  0.0
Fire Magic     | 1 2 3 4 5 6 7 8 |  8.1
Ice Magic      | 1 2 3 4 5 6 7 8 |  8.1
Air Magic      | 1 2 3 4 5 6 7 8 |  8.1
Earth Magic    | 1 2 3 4 5 6 7 8 |  8.1
Poison Magic   | 1 2 3 4 5 0 |  0.0
Invocations    | 1 2 3 4 5 6 7 8 9 10 | 10.4
Evocations     | 1 2 3 4 0 |  0.0
Short Blades   | 5 6 7 8 9 10 | 10.6
Dodging        | 5 6 7 8 9 10 | 10.6
Fighting       | 7 8 9 10 11 | 11.5

Action                   |  1- 3 |  4- 6 |  7- 9 | 10-12 | 13-15 || total
-------------------------+-------+-------+-------+-------+-------++-------
Melee: Short sword       |     5 |     3 |       |       |       ||     8
       Dagger            |       |   104 |   315 |   331 |   289 ||  1039
       Bite              |       |     8 |    99 |   162 |   178 ||   447
       Punch             |       |     2 |     3 |       |       ||     5
       Whip              |       |       |   209 |   301 |   853 ||  1363
       Falchion          |       |       |   131 |   246 |   184 ||   561
       Unarmed           |       |       |       |       |     4 ||     4
Throw: Dart              |       |       |    18 |     4 |    23 ||    45
 Cast: Ensorcelled Hiber |       |       |       |    20 |    52 ||    72
       Confusing Touch   |       |       |       |       |     6 ||     6
       Corona            |       |       |       |       |     4 ||     4
Invok: Sacrifice Durabil |       |       |     1 |       |       ||     1
       Sacrifice Artific |       |       |       |     1 |       ||     1
       Power Leap        |       |       |       |     2 |     4 ||     6
       Sacrifice an Eye  |       |       |       |     1 |       ||     1
       Sacrifice Arcana  |       |       |       |     1 |       ||     1
       Apocalypse        |       |       |       |       |     2 ||     2
       Sacrifice Health  |       |       |       |       |     1 ||     1
Evoke: Wand              |       |       |     1 |       |       ||     1
  Use: Scroll            |       |       |    10 |    12 |     4 ||    26
       Potion            |       |       |       |       |     4 ||     4
 Stab: Sleeping          |     5 |     9 |    34 |    33 |    24 ||   105
       Distracted        |       |     1 |     5 |     7 |    10 ||    23
       Invisible         |       |       |       |     6 |    13 ||    19
       Paralysed         |       |       |       |     4 |    29 ||    33
       Confused          |       |       |       |       |     1 ||     1
Armor: Leather armour    |       |    17 |    35 |    44 |    93 ||   189
       Chain mail        |       |       |   158 |       |       ||   158
       Robe              |       |       |       |       |    12 ||    12
Dodge: Dodged            |       |    79 |   298 |   405 |   544 ||  1326
       Repelled          |       |       |       |     2 |     5 ||     7
Block: Buckler           |       |       |   102 |   275 |   421 ||   798
       Rpst.: Falchion   |       |       |    27 |    46 |    53 ||   126
